Map: Terrasses de Prion

Players

Worming

  • Race: Zerg Zerg
  • League: Platinum

Flarnot - Winner!

  • Race: Zerg Zerg
  • League: Platinum

VOD

Have the link to the VOD?

Description

Time

  • Played on: Nov. 11, 2015, 9:17 a.m.
  • Length: 5:07
Show
View Real Time Build Order
Export as new Build Order

Worming Zerg 

Build Orders: Hatch First 

Get SALT Encoding   

  12  0:01  Drone  
  13  0:15  Overlord  
  13  0:19  Drone  
  14  0:33  Drone x2  
  16  0:37  Drone  
  17  0:52  Hatchery  
  17  0:56  Drone  
  17  1:02  Drone, Extractor  
  17  1:15  Spawning Pool  
  17  1:17  Drone  
  17  1:22  Drone  
  18  1:30  Drone  
  19  1:43  Overlord  
  19  1:53  Drone  
  20  2:01  Queen  
  20  2:04  Queen  
  20  2:05  Zergling x4  
  26  2:08  Metabolic Boost  
  26  2:16  Drone x2  
  28  2:28  Drone x2  
  30  3:08  Zergling x6  
  28  3:29  Overlord x3  
  28  3:34  Evolution Chamber  
  28  3:35  Evolution Chamber  
  26  3:45  Drone x2  
  28  3:50  Drone x2  
  30  3:59  Drone x4  
  34  4:09  Drone x6  
  40  4:17  Zergling x2  
  40  4:22  Overlord  
  40  4:23  Zergling x2  
  42  4:27  Baneling Nest  
  41  4:44  Zergling x2  
  41  4:45  Zergling x8  
  41  4:49  Zergling x2  
Show
View Real Time Build Order
Export as new Build Order

Flarnot Zerg - Winner!

Build Orders: Hatch First 

Get SALT Encoding   

  12  0:09  Overlord  
  12  0:15  Drone  
  12  0:21  Drone  
  14  0:33  Drone x2  
  16  0:43  Drone  
  17  0:54  Drone  
  18  1:01  Hatchery  
  17  1:11  Spawning Pool  
  16  1:20  Drone  
  16  1:21  Drone  
  16  1:25  Extractor  
  17  1:31  Drone  
  18  1:38  Overlord  
  18  1:48  Drone  
  19  1:57  Queen  
  19  1:59  Zergling x2  
  22  2:09  Zergling x2  
  22  2:13  Queen  
  25  2:16  Zergling x2  
  26  2:25  Metabolic Boost  
  26  2:28  Drone x2  
  28  2:38  Drone x2  
  30  2:52  Drone x3  
  33  3:03  Drone  
  33  3:04  Drone  
  34  3:20  Drone x2  
  35  3:30  Zergling x4  
  35  3:31  Overlord  
  35  3:32  Overlord  
  36  3:41  Spine Crawler  
  35  3:49  Zergling x2  
  35  3:50  Zergling x8  
  35  3:54  Zergling x8  
  44  4:05  Zergling x4  
  46  4:16  Baneling Nest, Drone  
  46  4:17  Drone  
  47  4:21  Hatchery  
  46  4:25  Drone  
  46  4:26  Drone  
  46  4:27  Drone x4  
  52  4:45  Zergling x6  
  49  4:46  Zergling x2  
Tags
 
Add a new tag
Caveats
  • Supply blocks, unpowered buildings, or Contaminate may cause inaccurate times.
  • Supply counts are checked every 10 seconds.